 Dungeon Crawl Stone Soup version 0.28-a0-794-gafe8c5f9e9 (webtiles) character file.

Game seed: 2856349613108319887

7257 cheechan the Slicer (level 11, -5/148 HPs)
             Began as a Naga Fighter on Nov 5, 2021.
             Was a High Priest of Okawaru.
             Slain by a wolf spider (8 damage)
             ... on level 11 of the Dungeon.
             The game lasted 00:42:01 (11011 turns).

cheechan the Slicer (Naga Fighter)                 Turns: 11011, Time: 00:42:02

Health: -5/148     AC: 29    Str: 23    XL:     11   Next: 12%
Magic:  11/11      EV:  1    Int: 14    God:    Okawaru [*****.]
Gold:   610        SH: 10    Dex: 13    Spells: 9/10 levels left

rFire   + . .      SeeInvis +   I - +5 broad axe "Roqudwa" {vorpal, rF+ Int+3}
rCold   . . .      Faith    +   K - +0 kite shield
rNeg    + . .      Spirit   .   (armour currently unavailable)
rPois   +          Reflect  .   (helmet currently unavailable)
rElec   .          Harm     .   (cloak currently unavailable)
rCorr   +          Rampage  .   (gloves currently unavailable)
Will    ++...      NoTele   +   (no barding)
Stlth   ++........              j - amulet of faith
HPRegen 0.34/turn               b - ring of Joy {rN+ rCorr Int+3 Dex+3}
MPRegen 0.12/turn               d - +4 ring of protection

@: lethally poisoned (-5 -> -40), tree-form
A: stationary, stasis, torment immunity, boosted hp, AC +3, large, see
invisible, (deformed body), (poison resistance), (slowness 2), spit poison 1,
(naga tail 1), (iridescent scales 1), strong-willed 1
a: Spit Poison, Renounce Religion, Heroism, Finesse, Duel


You were on level 11 of the Dungeon.
You worshipped Okawaru.
Okawaru was extremely pleased with you.
You were a tree.
You visited 2 branches of the dungeon, and saw 12 of its levels.
You also visited: Sewer.

You collected 610 gold pieces.

Inventory:

Hand Weapons
 h - a +2 vampiric dagger
 i - a +5 dagger of venom
 k - a +2 long sword of protection
 t - a +2 short sword of freezing
 y - a +2 dagger of speed
 A - a +2 mace of protection
 I - the +5 broad axe "Roqudwa" (weapon) {vorpal, rF+ Int+3}
   (You found it on level 10 of the Dungeon)

   It inflicts extra damage upon your enemies.
   Int:       It affects your intelligence (+3).
   rF:        It protects you from fire.
Missiles
 f - 161 arrows
 o - 40 sling bullets
 u - 18 poisoned darts
 x - 7 javelins
 D - 54 bolts
 L - 2 throwing nets (quivered)
Armour
 e - the +0 chain mail of Okawaru's Regard (melded) {Fly}
   (Okawaru gifted it to you on level 10 of the Dungeon)

   Fly:       It grants you flight.
 l - a +1 pair of gloves (melded)
 v - a +0 helmet (melded)
 H - a scarf of repulsion (melded)
 K - a +0 kite shield (worn)
Jewellery
 b - the ring of Joy (left branch) {rN+ rCorr Int+3 Dex+3}
   (You found it on level 6 of the Dungeon)

   [ring of resist corrosion]

   Int:       It affects your intelligence (+3).
   Dex:       It affects your dexterity (+3).
   rN:        It protects you from negative energy.
   rCorr:     It protects you from acid and corrosion.
 d - a +4 ring of protection (right branch)
 j - an amulet of faith (around neck)
 p - a ring of protection from cold
 q - an amulet of the acrobat
Wands
 r - a wand of flame (45)
 E - a wand of polymorph (18)
Scrolls
 c - a scroll of fog
Potions
 g - 3 potions of attraction
 m - 2 potions of invisibility
 w - 4 potions of haste
 z - a potion of cancellation {unknown}
 B - a potion of might
 C - a potion of magic {unknown}
 G - a potion of mutation


   Skills:
 + Level 6.9 Fighting
 + Level 8.3 Short Blades
 + Level 3.0 Axes
 + Level 7.8 Armour
 + Level 3.8 Dodging
 + Level 2.0 Stealth
 + Level 7.3 Shields


You had 9 spell levels left.
You knew the following spells:

 Your Spells              Type           Power      Damage    Failure   Level
a - Slow                  Hex            0%         N/A       38%         1

Your spell library contained the following spells:

 Spells                   Type           Power      Damage    Failure   Level
 Sandblast                Erth           0%         2d4       38%         1
 Passwall                 Tmut/Erth      0%         N/A       52%         2
 Confusing Touch          Hex            0%         N/A       77%         3
 Stone Arrow              Conj/Erth      0%         3d7       77%         3
 Yara's Violent Unravell  Hex/Tmut       0%         3d3       100%        5


Dungeon Overview and Level Annotations

Branches:
Dungeon (11/15)            Temple (1/1) D:5            Lair (0/6) D:9
  Sewer (visited)
    Orc: D:9-12

Altars:
Ashenzari
Cheibriados
Dithmenos
Elyvilon
Gozag
Hepliaklqana
Kikubaaqudgha
Makhleb
Nemelex Xobeh
Okawaru
Qazlal
Sif Muna
Trog
Uskayaw
Vehumet
Wu Jian
Xom
Yredelemnul
Zin
The Shining One

Shops:
D:9 (


Innate Abilities, Weirdness & Mutations

You are a tree.
Your roots penetrate the ground, keeping you stationary.
You cannot be teleported.
You are immune to unholy pain and torment.
Your maximum health is greatly increased.
Your equipment is partially melded.
((Your serpentine skin is tough. (AC +3)))
You have supernaturally acute eyesight. (SInv)
((Armour fits poorly on your strangely shaped body.))
((Your system is resistant to poisons. (rPois)))
((You cover ground very slowly.))
You can spit poison.
((You have a snake-like lower body.))
((You are partially covered in iridescent scales. (AC +2)))
You are strong-willed. (Will+)


Message History

You are more poisoned.
The wolf spider poisons you! The wolf spider barely misses you.
The wolf spider bites you!
You are more poisoned.
The wolf spider poisons you!
Okay, then.
Really quaff the potion of lignification?
You turn into a tree.
Your scarf of repulsion melds into your body.
Your +0 helmet melds into your body.
Your +1 pair of gloves melds into your body.
The +0 chain mail of Okawaru's Regard {Fly} melds into your body.
The haze of the repulsion field disappears.
You float gracefully downwards.
Your roots penetrate the ground.
You feel extremely sick. You block the wolf spider's attack.
The wolf spider bites you!
Okay, then.
You slash the wolf spider!
The wolf spider is lightly wounded.
* * * LOW HITPOINT WARNING * * *
You feel extremely sick.
The wolf spider hits you but does no damage.
You block the wolf spider's attack. The wolf spider hits you!
* * * LOW HITPOINT WARNING * * *
The wolf spider bites you but does no damage.
Okay, then.
Okay, then.
Throw: 3 throwing nets
Press: ? - help, Q - select action, (/) - cycle Shift-Dir - straight line, f - wolf spider
Aim: a wolf spider (lightly wounded, 60% to hit)
You throw a throwing net.
The throwing net barely misses the wolf spider.
* * * LOW HITPOINT WARNING * * *
You feel extremely sick. You block the wolf spider's attack.
The wolf spider bites you.
* * * LOW HITPOINT WARNING * * *
The wolf spider hits you!
* * * LOW HITPOINT WARNING * * *
The wolf spider bites you!
You die...

,,,,**#....,,,,....,....#...#....
,,,,,*,,,,*,..................##.
***,,,,,,,*,...............##..##
*,,,,,,,,,**,...........#.......,
,,,,,,,,,,*,,,..........###..#...
,*,,,,,,,,,,,**#............#*##.
,**,,,*,,,,,,* #..[.......#.###..
,***,**,,,,,***##.........#..##..
,**,,,*,,,,,*,*#♣........>..^....
,,,,,,,,,........s###..........##
,,*,,,,,,.........#*##...........
,,*,,,,,,..........*#........###.
,,,,,,,,,.........#...##......##.
,*,,,,,,,.........#..###...).....
>,,,,,,,,.......?<...##..........
,,,**,,,,.........#..###.........
,,,*,,,,,,,,,,,,..#.,*#..........


You could see a wolf spider.

Vanquished Creatures
  Harold (D:7)
  A two-headed ogre (D:10)
  Urug (D:10)
  An ugly thing (D:11)
  An elephant (D:9)
  A troll (D:10)
  A shadow (D:9)
  A wyvern (D:9)
  A basilisk (D:9)
  A water moccasin (D:6)
  4 orc warriors
  3 ice beasts
  2 ogres
  5 centaurs
  3 black bears
  3 phantoms
  2 kobold brigands
  3 bullfrogs
  A wyvern zombie (D:7)
  8 killer bees (D:8)
  3 wights (D:9)
  2 howler monkeys
  3 centaur zombies
  2 jellies
  5 centaur skeletons (D:6)
  A gnoll shaman (D:4)
  3 orc priests
  3 hounds
  2 iguanas
  7 orc wizards
  2 howler monkey zombies
  4 gnolls (D:4)
  6 adders
  7 river rats (Sewer)
  A shadow imp (D:6)
  4 white imps
  4 worms
  3 dart slugs
  29 orcs
  10 ball pythons
  7 endoplasms
  6 giant cockroaches
  10 goblins
  5 hobgoblins
  4 quokkas
  6 bats
  4 frilled lizards
  25 kobolds
  24 rats
236 creatures vanquished.

Vanquished Creatures (others)
  8 fungi (D:10)
  A plant (D:9)
  5 toadstools (D:10)
14 creatures vanquished.

Grand Total: 250 creatures vanquished

Notes
Turn   | Place    | Note
-------+----------+-------------------------------------------
     0 | D:1      | cheechan the Naga Fighter began the quest for the Orb.
     0 | D:1      | Reached XP level 1. HP: 21/21 MP: 1/1
   187 | D:1      | Reached XP level 2. HP: 18/28 MP: 2/2
   549 | D:1      | Learned a level 1 spell: Slow
   696 | D:1      | Reached XP level 3. HP: 28/34 MP: 3/3
   800 | D:1      | Gained mutation: You are partially covered in iridescent
                  | scales. (AC +2) [potion of mutation]
   800 | D:1      | Gained mutation: You are strong-willed. (Will+) [potion of
                  | mutation]
  1630 | D:2      | Reached XP level 4. HP: 40/41 MP: 4/4
  1709 | D:2      | Reached skill level 1 in Short Blades
  1942 | D:3      | Found a shimmering blue altar of Sif Muna.
  2689 | D:4      | Found a white marble altar of Elyvilon.
  2712 | D:4      | Found a shimmering altar of Xom.
  2732 | D:4      | Noticed a phantom
  2761 | D:4      | Killed a phantom
  2762 | D:4      | Reached skill level 2 in Short Blades
  2762 | D:4      | Reached skill level 1 in Dodging
  2762 | D:4      | Reached XP level 5. HP: 7/49 MP: 5/5
  2972 | D:4      | Found a glowing drain.
  2992 | Sewer    | Entered a sewer
  3036 | Sewer    | Reached XP level 6. HP: 50/56 MP: 6/6
  3199 | Sewer    | Reached skill level 3 in Short Blades
  3800 | D:4      | Reached XP level 7. HP: 47/63 MP: 7/7
  4069 | D:5      | Entered Level 5 of the Dungeon
  4363 | D:5      | Found a staircase to the Ecumenical Temple.
  4367 | D:5      | Reached skill level 1 in Stealth
  4382 | Temple   | Entered the Ecumenical Temple
  4514 | Temple   | Became a worshipper of Warmaster Okawaru
  4610 | D:5      | Reached skill level 4 in Short Blades
  5137 | D:6      | Identified the ring of Joy {rN+ rCorr Int+3 Dex+3}
  5183 | D:6      | Reached * piety under Okawaru
  5184 | D:6      | Reached XP level 8. HP: 67/72 MP: 8/8
  5190 | D:6      | Reached skill level 5 in Armour
  5298 | D:6      | Reached ** piety under Okawaru
  5777 | D:6      | Found a glowing golden altar of the Shining One.
  5802 | D:6      | Reached skill level 5 in Short Blades
  6433 | D:7      | Reached XP level 9. HP: 47/79 MP: 9/9
  6455 | D:7      | Reached skill level 6 in Short Blades
  6865 | D:7      | Reached skill level 5 in Fighting
  6922 | D:7      | Found a hide-covered altar of Uskayaw.
  6945 | D:7      | Noticed Harold
  6973 | D:7      | Killed Harold
  6973 | D:7      | Reached *** piety under Okawaru
  6974 | D:7      | Reached skill level 7 in Short Blades
  7262 | D:8      | Reached **** piety under Okawaru
  7303 | D:8      | Found an ornate altar of the Wu Jian Council.
  7773 | D:8      | Reached XP level 10. HP: 91/91 MP: 10/10
  7986 | D:9      | Reached skill level 5 in Shields
  8787 | D:9      | Noticed an elephant
  8822 | D:9      | Killed an elephant
  8822 | D:9      | Reached ***** piety under Okawaru
  8826 | D:9      | Found a staircase to the Lair.
  9140 | D:9      | Found Micekhod's Weapon Shoppe.
  9415 | D:10     | Entered Level 10 of the Dungeon
  9488 | D:10     | Found a broken altar of Ashenzari.
  9890 | D:10     | Reached skill level 8 in Short Blades
  9996 | D:10     | Noticed Urug
 10023 | D:10     | Killed Urug
 10086 | D:10     | Noticed a moth of wrath
 10089 | D:10     | Found a bloodstained altar of Trog.
 10118 | D:10     | Identified the +5 broad axe "Roqudwa" {vorpal, rF+ Int+3}
 10155 | D:10     | Found a hazy altar of Hepliaklqana.
 10165 | D:10     | Found an ancient bone altar of Kikubaaqudgha.
 10183 | D:10     | Noticed a two-headed ogre
 10191 | D:10     | Killed a two-headed ogre
 10198 | D:10     | Identified the +0 chain mail of Okawaru's Regard {Fly}
                  | (Okawaru gifted it to you on level 10 of the Dungeon)
 10198 | D:10     | Received a gift from Okawaru
 10199 | D:10     | Reached XP level 11. HP: 47/99 MP: 11/11
 10656 | D:11     | Noticed a cyan ugly thing
 10666 | D:11     | Killed a cyan ugly thing
 11006 | D:11     | Noticed a wolf spider
 11011 | D:11     | HP: 3/148 [wolf spider (8)]
 11011 | D:11     | Slain by a wolf spider

Illustrated notes

Levels and vault maps discovered:
D:1:      amcnicky_arrival_abandoned_market, layout_loops_cross
D:2:      layout_loops_corners
D:3:      layout_basic, nicolae_sif_muna_condensation
D:4:      layout_rooms, elyvilon_altar_4, old_standard_altar,
          portal_sewer_entry_f, kennysheep_flooded_box
D:5:      layout_layer_cave, minmay_temple_entry_wispy, serial_rivers,
          chequers_serial_rivers_micro_d, chequers_serial_rivers_room_b,
          chequers_serial_rivers_micro_c, chequers_serial_rivers_large_b,
          chequers_serial_rivers_small_a
D:6:      minmay_evil_eye, layout_gridville, nicolae_overflow_crystal_walls
D:7:      layout_basic, mainiacjoe_overflow_brackets,
          kennysheep_generic_room_15, uniq_harold
D:8:      layout_rooms, mainiacjoe_overflow_24_doors
D:9:      layout_layer_cave, amethyst_overflow_temple_binary,
          david_lair_generic, serial_shops, shop
D:10:     layout_long_grid, ashenzari_altar_1, gammafunk_temple_overflow_statue,
          tgw_trog, minmay_gold_behind_fungi, uniq_urug
D:11:     layout_cave_pools
Temple:   cyrus_temple_forest

Skill      XL: |  1  2  3  4  5  6  7  8  9 10 11 |
---------------+----------------------------------+-----
Armour         | 3 4 5 6 7 |  7.8
Short Blades   | 2 3 4 5 7 8 |  8.3
Dodging        | 1 2 3 |  3.8
Stealth        | 1 2 |  2.0
Fighting       | 4 5 6 |  6.9
Shields        | 3 4 7 |  7.3
Axes           | 3 |  3.0

Action                   |  1- 3 |  4- 6 |  7- 9 | 10-12 || total
-------------------------+-------+-------+-------+-------++-------
Melee: War axe           |    41 |       |       |       ||    41
       Dagger            |    49 |   206 |   418 |   284 ||   957
       Broad axe         |       |       |       |    25 ||    25
Throw: Throwing net      |       |       |       |     1 ||     1
 Abil: Spit Poison       |     1 |    11 |     8 |     5 ||    25
  Use: Scroll            |     4 |     8 |     7 |     2 ||    21
       Potion            |     1 |     2 |     1 |     9 ||    13
Armor: Scale mail        |    58 |   132 |    37 |       ||   227
       Chain mail        |       |       |   215 |   251 ||   466
       Skin              |       |       |       |     2 ||     2
Dodge: Dodged            |    33 |    74 |   116 |    92 ||   315
       Repelled          |       |       |       |     1 ||     1
Block: Buckler           |    16 |    40 |    52 |       ||   108
       Kite shield       |       |       |    89 |   199 ||   288

Table legend: (Time is in decaauts)
 A = Elapsed time spent in this place.
 B = Non-inter-level travel time spent in this place.
 C = Inter-level travel time spent in this place.
 D = Time resting spent in this place.
 E = Time spent auto-exploring this place.
 F = Levels seen in this place.
 G = Mean time per level.
                   A        B        C        D        E       F      G
               +--------+--------+--------+--------+--------+-----+--------+
         Total |  13949 |  13949 |      0 |   2052 |      0 |  13 | 1073.0 |
       Dungeon |  12953 |  12953 |      0 |   1910 |      0 |  11 | 1177.5 |
        Temple |    239 |    239 |      0 |      0 |      0 |   1 |  239.0 |
         Sewer |    757 |    757 |      0 |    142 |      0 |   1 |  757.0 |
               +--------+--------+--------+--------+--------+-----+--------+

Top non-repeatable levels by time:
     D:9: 1723 daAuts
     D:6: 1454 daAuts
    D:10: 1442 daAuts
     D:1: 1287 daAuts
     D:7: 1278 daAuts
     D:2: 1241 daAuts
     D:3: 1053 daAuts
     D:4: 1019 daAuts
     D:5: 1010 daAuts
     D:8: 973 daAuts
   Sewer: 757 daAuts
    D:11: 468 daAuts
  Temple: 239 daAuts
